[Event "Early-Titled-Tuesday-Blitz-October-10-2023"]
[Site "Chess.com"]
[Date "2023.10.10"]
[Round "5"]
[White "MaxLeto"]
[Black "Rutricks"]
[Result "0-1"]
[WhiteElo "2490"]
[BlackElo "2674"]
[TimeControl "180+1"]
[EndTime "8:51:57 PDT"]
[Termination "Rutricks won by resignation"]

1. e4 g6 2. d4 Bg7 3. Nc3 c6 4. Be3 d5 5. Qd2 dxe4 6. Nxe4 Nf6 7. Nxf6+ exf6 8. O-O-O O-O 9. h4 h5 10. Kb1 b5 11. Nh3 Bxh3 12. Rxh3 f5 13. Bh6 Qd5 14. Bxg7 Kxg7 15. Rc3 Nd7 16. g3 Nf6 17. f3 Qd6 18.
Qf2 Nd5 19. Rc5 Rfe8 20. c3 Re7 21. Bd3 Rae8 22. Rg1 Re3 23. Kc2 b4 24. g4 bxc3 25. bxc3 Qf4 26. gxf5 Rxf3 27. Qd2 Rf2 28. f6+ Nxf6 29.
Qxf2 Qxf2+ 30. Kb3 Rb8+ 0-1

[Event "Early-Titled-Tuesday-Blitz-October-10-2023"]
[Site "Chess.com"]
[Date "2023.10.10"]
[Round "5"]
[White "tdf98pantani"]
[Black "MatthewG-p4p"]
[Result "0-1"]
[WhiteElo "2631"]
[BlackElo "2827"]
[TimeControl "180+1"]
[EndTime "8:51:59 PDT"]
[Termination "MatthewG-p4p won by resignation"]

1. d4 Nf6 2. c4 c5 3. Nf3 cxd4 4. Nxd4 e5 5. Nb5 d5 6. cxd5 Bc5 7. N5c3 O-O 8. g3 Ng4 9. e3 f5 10. Be2 Nd7 11.
O-O Ndf6 12. a3 a5 13. Nd2 Qe8 14. h3 Nh6 15. Nc4 b5 16. Nxa5 Rxa5 17. b4 Bxb4 18.
Nxb5 Bc5 19. Qc2 Rxb5 20. Bxb5 Qxb5 21. a4 Qa5 22. Bd2 Qa7 23. Rfc1 Bd6 24. a5 f4 25. g4 Nhxg4 26. hxg4 Nxg4 27. Qc6 Qe7 28. exf4 Qh4 0-1

[Event "Early-Titled-Tuesday-Blitz-October-10-2023"]
[Site "Chess.com"]
[Date "2023.10.10"]
[Round "5"]
[White "HeinichessPY"]
[Black "abc_xyz4744"]
[Result "0-1"]
[WhiteElo "2208"]
[BlackElo "2395"]
[TimeControl "180+1"]
[EndTime "8:51:59 PDT"]
[Termination "abc_xyz4744 won by resignation"]

1. e4 c5 2. Nc3 Nc6 3. f4 g6 4. Nf3 Bg7 5. Bc4 e6 6. d3 Nge7 7. O-O d5 8. Bb3 O-O 9. Qe1 Nd4 10. f5 gxf5 11. Qh4 fxe4 12. dxe4 c4 13. Bh6 Ng6 14. Qh5 Nxf3+ 15. Rxf3 cxb3 16. Bxg7 Kxg7 17. Rh3 Rh8 18. Qh6+ Kg8 19. axb3 d4 20. Ne2 Qf8 21. Qd2 e5 22. Ng3 Bxh3 23. gxh3 Nf4 0-1

[Event "Early-Titled-Tuesday-Blitz-October-10-2023"]
[Site "Chess.com"]
[Date "2023.10.10"]
[Round "5"]
[White "marcodobrikov"]
[Black "bazar-wokzal"]
[Result "1-0"]
[WhiteElo "2772"]
[BlackElo "2554"]
[TimeControl "180+1"]
[EndTime "8:52:04 PDT"]
[Termination "marcodobrikov won on time"]

1. c4 e5 2. Nc3 Nf6 3. e3 Bb4 4. Qb3 Nc6 5. a3 Bxc3 6. Qxc3 O-O 7. b4 d5 8. cxd5 Nxd5 9. Qc2 Be6 10. Bb2 f6 11.
Bc4 Kh8 12. Ne2 Qd7 13. O-O Rad8 14. d4 exd4 15. Nxd4 Nxd4 16. Bxd4 a6 17. Bd3 Bg8 18.
Rac1 c6 19. Rfd1 Rfe8 20. Bb2 Qg4 21. h3 Qg5 22. Be4 Nxe3 23. Rxd8 Rxd8 24. fxe3 Qxe3+ 25. Kh1 Rd2 26. Qc3 Qf2 27. Ba1 Re2 28. Bf3 Re3 29.
Qxf6 Qg3 30. Bg4 Re1+ 31. Rxe1 Qxe1+ 32. Kh2 1-0

[Event "Early-Titled-Tuesday-Blitz-October-10-2023"]
[Site "Chess.com"]
[Date "2023.10.10"]
[Round "5"]
[White "jcibarra"]
[Black "ferrufino64"]
[Result "1-0"]
[WhiteElo "2906"]
[BlackElo "2196"]
[TimeControl "180+1"]
[EndTime "8:52:05 PDT"]
[Termination "jcibarra won by resignation"]

1. e4 c5 2. Nf3 d6 3. c3 Nf6 4.
h3 Nc6 5. Bd3 e5 6. Bc2 d5 7. exd5 Nxd5 8. O-O Be7 9. Re1 O-O 10.
Nxe5 Nxe5 11. Rxe5 Be6 12. Re1 Qc7 13. Na3 Rad8 14.
Qf3 g6 15. d3 Rfe8 16. Bh6 a6 17. Nc4 b5 18. Ne5 f6 19. Nxg6 hxg6 20. Rxe6 Kf7 21. Rae1 Rd6 22. Bb3 c4 23. Rxd6 1-0

[Event "Early-Titled-Tuesday-Blitz-October-10-2023"]
[Site "Chess.com"]
[Date "2023.10.10"]
[Round "5"]
[White "ChessQueen"]
[Black "CraiggoryC"]
[Result "1-0"]
[WhiteElo "2707"]
[BlackElo "2258"]
[TimeControl "180+1"]
[EndTime "8:52:05 PDT"]
[Termination "ChessQueen won by resignation"]

1. Nf3 Nf6 2. g3 d5 3. Bg2 e6 4. O-O Be7 5. c4 O-O 6. b3 d4 7. e3 c5 8. b4 Nc6 9. b5 Na5 10. d3 Re8 11. exd4 cxd4 12. Nbd2 b6 13. Ne5 Bb7 14. Bxb7 Nxb7 15. Nc6 Qc7 16. Nxd4 Rad8 17. Bb2 Nc5 18. N2b3 e5 19. Nc6 Rxd3 20. Qe2 Nxb3 21. axb3 Rxb3 22. Rxa7 Qd6 23. Bxe5 Qc5 24. Bxf6 Bxf6 25.
Qxe8+ 1-0

[Event "Early-Titled-Tuesday-Blitz-October-10-2023"]
[Site "Chess.com"]
[Date "2023.10.10"]
[Round "5"]
[White "aqibjbutt"]
[Black "kacprekt"]
[Result "0-1"]
[WhiteElo "1972"]
[BlackElo "2474"]
[TimeControl "180+1"]
[EndTime "8:52:14 PDT"]
[Termination "kacprekt won by resignation"]

1. d4 d6 2. Nf3 g6 3. g3 Bg7 4.
Bg2 f5 5. O-O Nf6 6. c4 O-O 7.
Nc3 Nc6 8. Rb1 e5 9. dxe5 dxe5 10. Qxd8 Rxd8 11. Bg5 e4 12. Ne1 h6 13. Bxf6 Bxf6 14. Nd5 Be5 15. f4 Bd6 16. Nc2 Be6 17. Rfd1 Ne7 18. Nce3 c6 19. Nxe7+ Bxe7 20. Kf2 Bc5 21. Rdc1 a5 22. b3 Rd2 23. Rd1 Rad8 24. Rxd2 Rxd2 25. Rd1 Bxe3+ 26. Kxe3 0-1

[Event "Early-Titled-Tuesday-Blitz-October-10-2023"]
[Site "Chess.com"]
[Date "2023.10.10"]
[Round "5"]
[White "carloseduar100"]
[Black "sokidze"]
[Result "0-1"]
[WhiteElo "2329"]
[BlackElo "2785"]
[TimeControl "180+1"]
[EndTime "8:52:14 PDT"]
[Termination "sokidze won by resignation"]

1. g3 d5 2. Bg2 e5 3. d4 exd4 4. Qxd4 Nf6 5. Bg5 Be7 6. Nf3 Nc6 7. Qa4 O-O 8. O-O h6 9. Bf4 Ne4 10. Nbd2 Nc5 11. Qa3 a5 12. c3 a4 13. Rfe1 Nd3 14.
Qxe7 Nxe7 15. exd3 Ng6 16. Be3 Re8 17. d4 a3 18. b3 Bf5 19. Rac1 c6 20. c4 Qd7 21. cxd5 cxd5 22. Rc5 b6 23. Rc3 Rac8 24. Rec1 Rxc3 25. Rxc3 Rc8 26. Rxc8+ Qxc8 27. Ne5 Nxe5 28. dxe5 Qc1+ 29. Nf1 Qc2 30. Bxd5 Qxa2 31. Bxb6 Qb1 32.
Bd4 a2 33. Kg2 Be4+ 34. Bxe4 Qxe4+ 0-1

[Event "Early-Titled-Tuesday-Blitz-October-10-2023"]
[Site "Chess.com"]
[Date "2023.10.10"]
[Round "5"]
[White "vishwa_vijeta"]
[Black "CSB7"]
[Result "0-1"]
[WhiteElo "2551"]
[BlackElo "2754"]
[TimeControl "180+1"]
[EndTime "8:52:19 PDT"]
[Termination "CSB7 won by checkmate"]

1. e4 c6 2. d4 d5 3. Nd2 dxe4 4. Nxe4 Nf6 5. Nxf6+ exf6 6. c3 Bd6 7. Bd3 O-O 8. Qc2 Re8+ 9. Ne2 h5 10. Be3 h4 11. h3 Be6 12. c4 Nd7 13. O-O-O Nf8 14.
Kb1 a6 15. Nc3 b5 16. d5 cxd5 17. cxb5 Qa5 18. bxa6 Rec8 19. Bd4 Be5 20. Be2 g6 21. Qd2 Bf5+ 22. Ka1 Ne6 23. Bxe5 fxe5 24. Nxd5 Nd4 25. Ne3 Nb3# 0-1

[Event "Early-Titled-Tuesday-Blitz-October-10-2023"]
[Site "Chess.com"]
[Date "2023.10.10"]
[Round "5"]
[White "KatakuriDono"]
[Black "CFN_Good_Evening"]
[Result "1-0"]
[WhiteElo "2335"]
[BlackElo "1627"]
[TimeControl "180+1"]
[EndTime "8:52:22 PDT"]
[Termination "KatakuriDono won by checkmate"]

1. d4 Nf6 2. c4 e6 3. Nf3 d5 4. g3 c6 5. Bg2 dxc4 6. Ne5 Bb4+ 7. Nc3 Nd5 8. Qc2 Nb6 9. a3 Bd6 10.
O-O O-O 11. Ne4 Bxe5 12. dxe5 N8d7 13. Rd1 h6 14. a4 a5 15. Be3 Nd5 16. Bd4 b5 17.
axb5 cxb5 18. Nd6 Ba6 19. Qe4 Qc7 20. Qg4 Nc5 21. Bxc5 Qxc5 22. Bxd5 exd5 23. Nf5 g6 24. Nxh6+ Kg7 25. Nf5+ Kg8 26. Qg5 Rfe8 27. Rd4 Bc8 28. Nh6+ Kg7 29. Qf6+ Kh7 30. Qxf7+ Kxh6 31. Rh4+ Kg5 32.
Qf4# 1-0

[Event "Early-Titled-Tuesday-Blitz-October-10-2023"]
[Site "Chess.com"]
[Date "2023.10.10"]
[Round "5"]
[White "KamlaPasand"]
[Black "Sadykov_Ramil"]
[Result "0-1"]
[WhiteElo "2468"]
[BlackElo "2617"]
[TimeControl "180+1"]
[EndTime "8:52:24 PDT"]
[Termination "Sadykov_Ramil won by checkmate"]

1. e4 c5 2. Nf3 e6 3. d4 cxd4 4. Nxd4 Nf6 5. Nc3 Bb4 6. Bd3 Nc6 7. Nxc6 bxc6 8. O-O O-O 9. e5 Nd5 10. Nxd5 cxd5 11. Qg4 Qe7 12. Bg5 Qc5 13. a3 Rb8 14. Bf6 g6 15. Qh4 Bd2 16. Be7 Qc7 17. Bxf8 Kxf8 18. Qxh7 Qxe5 19. Kh1 Rxb2 20. Rab1 Bc3 21. f4 Qf6 22. Rxb2 Bxb2 23. g4 Bxa3 24. f5 gxf5 25. gxf5 Bb7 26. fxe6 d4+ 27. Kg1 Qg5+ 28. Kf2 Qe3# 0-1

[Event "Early-Titled-Tuesday-Blitz-October-10-2023"]
[Site "Chess.com"]
[Date "2023.10.10"]
[Round "5"]
[White "noblerone"]
[Black "Mikhail_Golubev"]
[Result "0-1"]
[WhiteElo "2473"]
[BlackElo "2617"]
[TimeControl "180+1"]
[EndTime "8:52:25 PDT"]
[Termination "Mikhail_Golubev won by resignation"]

1. d4 Nf6 2. c4 g6 3. Nc3 Bg7 4. Nf3 d6 5. Bg5 O-O 6. e3 c5 7.
Be2 cxd4 8. exd4 h6 9. Bxf6 Bxf6 10. O-O Nc6 11. Qd2 Bg4 12. Qxh6 Bxf3 13. Bxf3 Nxd4 14.
Be4 Rc8 15. Bd3 Bg7 16. Qe3 e6 17. Rac1 a6 18. b3 Qa5 19. Bb1 b5 20. cxb5 Rxc3 21.
Rxc3 Qxc3 22. bxa6 Qa5 23. Rd1 Qxa6 24. Rxd4 Bxd4 25.
Qxd4 Rc8 26. Qd1 Qa3 27. Bc2 Qb2 0-1

[Event "Early-Titled-Tuesday-Blitz-October-10-2023"]
[Site "Chess.com"]
[Date "2023.10.10"]
[Round "5"]
[White "DopplerCharlotteDeWitte"]
[Black "MITerryble"]
[Result "0-1"]
[WhiteElo "2752"]
[BlackElo "3021"]
[TimeControl "180+1"]
[EndTime "8:52:27 PDT"]
[Termination "MITerryble won by resignation"]

1. e4 e6 2. d4 d5 3. exd5 exd5 4. Nf3 Nc6 5. c3 Bd6 6. Bg5 Nge7 7. Bh4 Bg4 8. Nbd2 O-O 9. Be2 Qd7 10. Bg3 Ng6 11. Bxd6 Qxd6 12. h3 Bf5 13. Nf1 Nf4 14. Ne3 Be4 15.
Qd2 Rae8 16. O-O-O Re7 17. Rhe1 Rfe8 18. Bb5 Nxg2 19.
Bxc6 Nxe1 20. Nxe1 Qxc6 21. Nd3 Qa6 22. Nb4 Qb5 23. Rg1 a5 24. Nexd5 Bxd5 25. Rxg7+ Kh8 26. Nc2 Qf1+ 0-1

[Event "Early-Titled-Tuesday-Blitz-October-10-2023"]
[Site "Chess.com"]
[Date "2023.10.10"]
[Round "5"]
[White "cukin84"]
[Black "Happy1712Drummer"]
[Result "1-0"]
[WhiteElo "2216"]
[BlackElo "2375"]
[TimeControl "180+1"]
[EndTime "8:52:28 PDT"]
[Termination "cukin84 won by resignation"]

1. e4 c5 2. Nc3 Nc6 3. Bb5 e5 4.
Bxc6 dxc6 5. d3 g6 6. f4 exf4 7.
Bxf4 Bg7 8. Nf3 Ne7 9. O-O O-O 10. Qe2 f6 11. h3 Be6 12. Rae1 Qd7 13. b3 Rad8 14. Na4 b6 15. Nb2 b5 16. Kh1 Rf7 17.
a4 a6 18. Bh2 h6 19. Rf2 f5 20. Nd1 f4 21. e5 g5 22. Nd2 Re8 23. h4 Nf5 24.
hxg5 hxg5 25. Ne4 Qe7 26. Qh5 Bh6 27. Nf6+ Kg7 28. Nxe8+ Qxe8 29. Nc3 Nd4 30. Ne4 Qc8 31. Nd6 Rf8 32. Nxc8 1-0

[Event "Early-Titled-Tuesday-Blitz-October-10-2023"]
[Site "Chess.com"]
[Date "2023.10.10"]
[Round "5"]
[White "chessculator16"]
[Black "bennyficial"]
[Result "1-0"]
[WhiteElo "2297"]
[BlackElo "2131"]
[TimeControl "180+1"]
[EndTime "8:52:29 PDT"]
[Termination "chessculator16 won on time"]

1. d4 Nf6 2. c4 e6 3. Nc3 Bb4 4. Qc2 O-O 5. e4 d5 6. e5 Ne4 7.
Bd3 c5 8. Nf3 cxd4 9. Nxd4 Nc6 10. Nxc6 bxc6 11. Bxe4 dxe4 12. Qxe4 Bxc3+ 13. bxc3 Qa5 14.
O-O Ba6 15. Be3 Qxc3 16. Rfc1 Qa5 17. Qxc6 Rac8 18. Qe4 Rc7 19. c5 Rd8 20. Rd1 Rxd1+ 21.
Rxd1 Rc8 22. Qc2 Bb5 23. h3 Ba4 24. Qd2 Qxd2 25. Rxd2 Bc6 26. g3 Bd5 27. f4 Rc6 28. Rb2 g6 29. a4 Kg7 30. Kf2 h5 31. h4 Ra6 32. Rb4 Bc6 33. Bd2 Rxa4 34. Rxa4 Bxa4 35.
Ke3 Bc6 36. Kd4 a6 37. Kc3 Kf8 38. Kb4 Ke7 39. Ka5 Bb5 40. Kb6 Kd7 41. Ba5 Kc8 42.
c6 Kb8 43. Kc5 Kc8 44. Kd6 Kb8 45. Kd7 1-0

[Event "Early-Titled-Tuesday-Blitz-October-10-2023"]
[Site "Chess.com"]
[Date "2023.10.10"]
[Round "5"]
[White "Jmf24"]
[Black "Henryk_S"]
[Result "0-1"]
[WhiteElo "2477"]
[BlackElo "2156"]
[TimeControl "180+1"]
[EndTime "8:52:29 PDT"]
[Termination "Henryk_S won by resignation"]

1. e4 e6 2. d4 d5 3. e5 c5 4. c3 Nc6 5. Nf3 Qb6 6. Bd3 cxd4 7. cxd4 Bd7 8. O-O Nb4 9. Be2 Bb5 10. Nc3 Bxe2 11. Qxe2 a6 12. Bf4 Ne7 13. h4 h5 14.
Rac1 Nbc6 15. Rfd1 Nf5 16. Na4 Qb5 17. Qc2 Be7 18. Nc5 Bxc5 19. Qxc5 Qxc5 20. dxc5 Rc8 21. a3 Ke7 22. b4 Rhd8 23. Nd2 Ncd4 24. f3 Ne2+ 25.
Kf2 Nxf4 26. Nb3 Ng6 27. Na5 Rc7 28. Rd3 Nxe5 29. Rdc3 Nc6 30. Nb3 d4 31. Rc4 Ne5 32.
R4c2 Nd3+ 0-1

[Event "Early-Titled-Tuesday-Blitz-October-10-2023"]
[Site "Chess.com"]
[Date "2023.10.10"]
[Round "5"]
[White "zimmm36"]
[Black "eljanov"]
[Result "0-1"]
[WhiteElo "2676"]
[BlackElo "2903"]
[TimeControl "180+1"]
[EndTime "8:52:33 PDT"]
[Termination "eljanov won by resignation"]

1. e4 c6 2. d4 d5 3. e5 Bf5 4. Nc3 e6 5. g4 Bg6 6. Nge2 c5 7.
h4 h5 8. Nf4 Bh7 9. Nxh5 Nc6 10. dxc5 a6 11. Bg5 f6 12. exf6 gxf6 13. Bd2 Bxc5 14.
Bg2 Qc7 15. Bf4 Bd6 16. Bxd6 Qxd6 17. Ng7+ Kd7 18. Nh5 Bg6 19. Ng3 Nge7 20. h5 Bh7 21. O-O Rhg8 22. f4 Rae8 23. Qe1 Rxg4 24. Bh3 Rxg3+ 25.
Qxg3 Rg8 26. Qxg8 Bxg8 27. Rae1 Nd4 28. Rf2 Nef5 29. Kh2 Bf7 30. Rg1 Bxh5 31. Na4 Nf3+ 0-1

[Event "Early-Titled-Tuesday-Blitz-October-10-2023"]
[Site "Chess.com"]
[Date "2023.10.10"]
[Round "5"]
[White "vladoboch"]
[Black "NicolaiMaxime"]
[Result "0-1"]
[WhiteElo "2456"]
[BlackElo "2597"]
[TimeControl "180+1"]
[EndTime "8:52:34 PDT"]
[Termination "NicolaiMaxime won by resignation"]

1. e4 c5 2. Nf3 Nc6 3. Bb5 Nf6 4.
e5 Ng4 5. Qe2 Qc7 6. Bxc6 dxc6 7. h3 Nh6 8. g4 g6 9. d3 Bg7 10.
Nc3 O-O 11. O-O f5 12. g5 Nf7 13. Bf4 Be6 14. Qe3 b6 15. Ne2 Rfd8 16. Bh2 Bd5 17.
e6 Nd6 18. Ne5 f4 19. Nxf4 Nf5 20. Nxd5 Rxd5 21. Ng4 Nxe3 22. Bxc7 Nxf1 23. Kxf1 Rxg5 24. c3 Rc8 25. Bf4 Rf5 26. Bg3 Rcf8 27. Re1 Rf3 28.
Re3 h5 29. Rxf3 Rxf3 30. Ne3 Rf6 31. Bb8 a6 32. Ba7 b5 33. Bxc5 Rxe6 34. d4 Bh6 35. d5 cxd5 36. Nxd5 Re5 37. Nxe7+ Kf7 0-1

[Event "Early-Titled-Tuesday-Blitz-October-10-2023"]
[Site "Chess.com"]
[Date "2023.10.10"]
[Round "5"]
[White "koncheto"]
[Black "Cecile-Haussernot"]
[Result "0-1"]
[WhiteElo "2516"]
[BlackElo "2337"]
[TimeControl "180+1"]
[EndTime "8:52:36 PDT"]
[Termination "Cecile-Haussernot won on time"]

1. e4 c5 2. Nf3 d6 3. d4 cxd4 4. Nxd4 Nf6 5. f3 e5 6. Nb3 a5 7. a4 Nc6 8. c4 Be7 9. Nc3 O-O 10. Be3 Be6 11. Be2 Nb4 12. Qd2 Rc8 13. Nd5 Nfxd5 14. exd5 Bf5 15. Rc1 Na2 16. Ra1 Nb4 17. O-O Bc2 18.
Nc1 f5 19. b3 f4 20. Bf2 e4 21.
fxe4 Bxe4 22. Nd3 f3 23. gxf3 Bg5 24. f4 Nxd3 25. Bxd3 Bxf4 26. Qe2 Qg5+ 27. Bg3 Be3+ 28. Rf2 Rxf2 0-1

[Event "Early-Titled-Tuesday-Blitz-October-10-2023"]
[Site "Chess.com"]
[Date "2023.10.10"]
[Round "5"]
[White "Duhless"]
[Black "Andrei_Skvortsov"]
[Result "1-0"]
[WhiteElo "2937"]
[BlackElo "2690"]
[TimeControl "180+1"]
[EndTime "8:52:39 PDT"]
[Termination "Duhless won by resignation"]

1. d4 g6 2. e4 Bg7 3. Nc3 d5 4. Nf3 dxe4 5. Nxe4 Nf6 6. Bd3 Nbd7 7. O-O Nxe4 8. Bxe4 Nf6 9. Bd3 c6 10. h3 a5 11. Re1 O-O 12. Bg5 Be6 13. Rxe6 fxe6 14. Qe2 Qd6 15. Re1 Nd5 16. c3 Nf4 17. Bxf4 Rxf4 18.
g3 Rf6 19. Ng5 Qd5 20. Ne4 Qxa2 21. Bc4 Qa4 22. Nc5 1-0

[Event "Early-Titled-Tuesday-Blitz-October-10-2023"]
[Site "Chess.com"]
[Date "2023.10.10"]
[Round "5"]
[White "TomLiu777"]
[Black "Alenzer"]
[Result "0-1"]
[WhiteElo "2341"]
[BlackElo "2124"]
[TimeControl "180+1"]
[EndTime "8:52:39 PDT"]
[Termination "Alenzer won by checkmate"]

1. e4 c5 2. Nf3 e6 3. d4 cxd4 4. Nxd4 Nf6 5. Nc3 Nc6 6. Be2 Bb4 7. Nxc6 bxc6 8. Qd4 c5 9. Qe5 d6 10. Qg3 Nxe4 11. Qxg7 Qf6 12. Qxf6 Nxf6 13. Bd2 Bb7 14. Bb5+ Ke7 15. O-O Rhg8 16. g3 Bxc3 17. Bxc3 Ne4 18. h4 Nxc3 19. bxc3 f5 20. Rfe1 f4 21. Kh2 fxg3+ 22.
fxg3 Raf8 23. Re2 Rf3 24. Rae1 e5 25. Re3 Rgxg3 26. Rxf3 Rxf3 27. Rg1 Rf2+ 28. Kh3 Bc8+ 29. Kg3 Rxc2 30. Kf3 Rxc3+ 31. Ke4 Kf6 32. Rf1+ Ke6 33. Be2 d5# 0-1

[Event "Early-Titled-Tuesday-Blitz-October-10-2023"]
[Site "Chess.com"]
[Date "2023.10.10"]
[Round "5"]
[White "JimDiGrease"]
[Black "forevery0ung"]
[Result "1-0"]
[WhiteElo "2923"]
[BlackElo "2681"]
[TimeControl "180+1"]
[EndTime "8:52:41 PDT"]
[Termination "JimDiGrease won on time"]

1. d4 d5 2. c4 dxc4 3. e3 Nf6 4. Bxc4 a6 5. Nf3 e6 6. O-O c5 7. a4 cxd4 8. exd4 Nc6 9. Nc3 Be7 10. Re1 O-O 11.
Bf4 Nb4 12. Ne5 Bd7 13. Re3 Rc8 14. Rg3 Nc6 15. Bh6 Ne8 16. Bd3 Kh8 17. Qh5 g6 18.
Bxf8 1-0

[Event "Early-Titled-Tuesday-Blitz-October-10-2023"]
[Site "Chess.com"]
[Date "2023.10.10"]
[Round "5"]
[White "secretsuperstar7"]
[Black "cristiano78"]
[Result "1-0"]
[WhiteElo "2416"]
[BlackElo "2245"]
[TimeControl "180+1"]
[EndTime "8:52:41 PDT"]
[Termination "secretsuperstar7 won by checkmate"]

1. c4 Nf6 2. Nc3 g6 3. g3 d6 4.
Bg2 Bg7 5. e4 O-O 6. Nge2 c5 7.
O-O Nc6 8. d3 Ne8 9. a3 Nc7 10.
Rb1 a5 11. Be3 Ne6 12. Nd5 Ned4 13. b4 axb4 14. axb4 Nxe2+ 15. Qxe2 e6 16. b5 exd5 17. bxc6 bxc6 18. exd5 cxd5 19. Bxd5 Ra3 20. Rb8 Qe7 21. Rfb1 Bf5 22. Rxf8+ Bxf8 23. Rb8 Bxd3 24. Qb2 Ra7 25. Qc3 Qc7 26. Rxf8+ Kxf8 27. Bh6+ Ke7 28. Qxd3 Ra1+ 29. Kg2 Qa5 30. Qe4+ Kd7 31. Bxf7 Kc7 32. Qe7+ Kb8 33. Qxd6+ Ka7 34. Qd7+ Ka6 35. Qc8+ Ka7 36. Bd5 Kb6 37. Qb7# 1-0

[Event "Early-Titled-Tuesday-Blitz-October-10-2023"]
[Site "Chess.com"]
[Date "2023.10.10"]
[Round "5"]
[White "Fh2411"]
[Black "JohnnyAnto"]
[Result "1-0"]
[WhiteElo "2564"]
[BlackElo "2422"]
[TimeControl "180+1"]
[EndTime "8:52:44 PDT"]
[Termination "Fh2411 won by resignation"]

1. d4 Nf6 2. c4 e6 3. Nf3 b6 4. g3 Ba6 5. b3 Bb7 6. Bg2 Bb4+ 7.
Bd2 c5 8. O-O O-O 9. Bc3 Qe7 10.
d5 exd5 11. Nh4 Ne4 12. Bxb4 cxb4 13. cxd5 d6 14. Qd4 f5 15. Qxb4 Qf6 16. Na3 Na6 17. Qe1 Rfe8 18. Nb5 Bxd5 19. Rd1 Qe6 20. Nf3 Nac5 21.
Nc7 Qf6 22. Nxd5 1-0

[Event "Early-Titled-Tuesday-Blitz-October-10-2023"]
[Site "Chess.com"]
[Date "2023.10.10"]
[Round "5"]
[White "Aswathchess"]
[Black "arenal72"]
[Result "1-0"]
[WhiteElo "2628"]
[BlackElo "2418"]
[TimeControl "180+1"]
[EndTime "8:52:46 PDT"]
[Termination "Aswathchess won on time"]

1. e4 Nc6 2. Nf3 d6 3. d4 Nf6 4.
Nc3 g6 5. Bc4 Bg7 6. h3 O-O 7.
Be3 Nxe4 8. Nxe4 d5 9. Bd3 dxe4 10. Bxe4 Qd6 11. O-O e6 12. c4 Ne7 13. c5 Qd8 14.
Bg5 f6 15. Bf4 Nd5 16. Bh2 b6 17. Rc1 Rf7 18. Qb3 Bb7 19. Rfe1 a5 20. Bd3 Qd7 21. c6 Bxc6 22. Rxc6 Qxc6 23. Bb5 Qb7 24. Rxe6 Nb4 25. Re7 Rf8 26. Bc4 Qc6 27. Bxf7+ Kh8 28. Qc4 Qa4 29. Bxc7 Bh6 30. Qe6 Qd1+ 31. Kh2 Bg7 32. Re8 1-0

[Event "Early-Titled-Tuesday-Blitz-October-10-2023"]
[Site "Chess.com"]
[Date "2023.10.10"]
[Round "5"]
[White "YouShallNotPass001"]
[Black "Ariadna_Atreides"]
[Result "1-0"]
[WhiteElo "2392"]
[BlackElo "2200"]
[TimeControl "180+1"]
[EndTime "8:52:47 PDT"]
[Termination "YouShallNotPass001 won on time"]

1. Nf3 Nf6 2. e3 e6 3. Be2 b6 4. O-O Bb7 5. c4 c5 6. b3 Be7 7. Bb2 O-O 8. d3 d6 9. Nbd2 h6 10. a3 Nh7 11. b4 Bf6 12. d4 Nd7 13. Rc1 Rc8 14. Qa4 a6 15. e4 Ng5 16. Bd3 Nxf3+ 17.
Nxf3 cxd4 18. Nxd4 Ne5 19. Qb3 Nxd3 20. Qxd3 d5 21.
exd5 exd5 22. c5 bxc5 23. Rxc5 Qd6 24. Rfc1 Qf4 25. g3 Qg4 26. Rc7 Rxc7 27. Rxc7 Bc8 28. Bc3 Re8 29. Rc5 Bxd4 30. Qxd4 Re1+ 31. Kg2 Qh3+ 32. Kf3 f6 33. Bxe1 Bf5 34. Qxd5+ Kh7 35.
Qxf5+ 1-0

[Event "Early-Titled-Tuesday-Blitz-October-10-2023"]
[Site "Chess.com"]
[Date "2023.10.10"]
[Round "5"]
[White "Zhigalko_Sergei"]
[Black "Iskusnyh"]
[Result "1-0"]
[WhiteElo "2937"]
[BlackElo "2592"]
[TimeControl "180+1"]
[EndTime "8:52:50 PDT"]
[Termination "Zhigalko_Sergei won by resignation"]

1. e4 e6 2. d4 d5 3. e5 c5 4. c3 Nc6 5. Nf3 Nge7 6. Na3 Bd7 7.
Nc2 Qa5 8. dxc5 Ng6 9. b4 Qc7 10. Be2 Be7 11. O-O O-O 12. Re1 Ncxe5 13. Nxe5 Nxe5 14.
Bf4 Nf3+ 15. Bxf3 Qxf4 16. Bxd5 Rad8 17. Bxb7 Bc6 18. Bxc6 Rxd1 19. Raxd1 Bf6 20. Nd4 Rd8 21. g3 Qc7 22. Bf3 g6 23. Nb5 Rxd1 24. Rxd1 Qe5 25. c6 Qxb5 26. c7 1-0

[Event "Early-Titled-Tuesday-Blitz-October-10-2023"]
[Site "Chess.com"]
[Date "2023.10.10"]
[Round "5"]
[White "ExchangeAB"]
[Black "Alonmindlin"]
[Result "0-1"]
[WhiteElo "2496"]
[BlackElo "2705"]
[TimeControl "180+1"]
[EndTime "8:52:50 PDT"]
[Termination "Alonmindlin won by resignation"]

1. d4 Nf6 2. Nc3 d5 3. Bf4 c6 4. e3 Bf5 5. Bd3 Bxd3 6. cxd3 Nbd7 7. Qb3 Qb6 8. Qxb6 axb6 9. Nf3 e6 10. O-O Bb4 11. a4 Nh5 12. Bc7 Ke7 13. g4 Rhc8 14. Bg3 Nxg3 15. hxg3 Bxc3 16. bxc3 Ra6 17. Ra2 Rca8 18.
Rfa1 b5 19. Nd2 Rxa4 20. Rxa4 bxa4 21. c4 b5 22. Kf1 b4 23. Ke2 b3 24. Kd1 b2 25.
Ra2 a3 26. Nb1 dxc4 27. dxc4 Nb6 28. Rxa3 Rxa3 29. Nxa3 Nxc4 30. Nb1 e5 31. Kc2 exd4 32. exd4 Kd6 33. Kd3 Nb6 34. Kc3 Kd5 35. Kxb2 Kxd4 36. Kc2 Nc4 37. Nc3 Ne5 38. Ne2+ Ke4 39. g5 Kf3 40.
Nd4+ Kxf2 41. Nf5 g6 42. Nd4 Kxg3 0-1

[Event "Early-Titled-Tuesday-Blitz-October-10-2023"]
[Site "Chess.com"]
[Date "2023.10.10"]
[Round "5"]
[White "chessfatbear"]
[Black "Witaliss"]
[Result "1-0"]
[WhiteElo "2808"]
[BlackElo "2446"]
[TimeControl "180+1"]
[EndTime "8:52:57 PDT"]
[Termination "chessfatbear won by resignation"]

1. Nf3 d5 2. b3 c6 3. Bb2 Nf6 4. g3 Bg4 5. Bg2 Nbd7 6. O-O e6 7. d3 Be7 8. Nbd2 O-O 9. h3 Bh5 10. g4 Bg6 11. Nh4 a5 12. f4 a4 13. Rb1 axb3 14.
axb3 b5 15. e3 Qb6 16. Qe2 Bc5 17. Rfe1 h6 18. Nxg6 fxg6 19. Kh1 Rae8 20. Nf3 Bd6 21. Ra1 e5 22. fxe5 Nxe5 23. Nh4 Kh7 24. Rf1 Ned7 25. Rae1 Bg3 26. Nf3 Bxe1 27. Rxe1 c5 28. b4 cxb4 29. Qd2 Qd6 30. Bd4 Rc8 31. Rb1 Rc6 32.
Rxb4 Rxc2 33. Qxc2 Qxb4 34. g5 Nh5 35. Qc6 Nb8 36.
Qxd5 Qb1+ 37. Kh2 Qxd3 38. Ne5 Qf5 39. gxh6 Kxh6 40. Qxb5 Qf2 41. Ng4+ Kh7 42. Nxf2 1-0

[Event "Early-Titled-Tuesday-Blitz-October-10-2023"]
[Site "Chess.com"]
[Date "2023.10.10"]
[Round "5"]
[White "FontVella8"]
[Black "HrvojeZagreb"]
[Result "1-0"]
[WhiteElo "2620"]
[BlackElo "2320"]
[TimeControl "180+1"]
[EndTime "8:53:03 PDT"]
[Termination "FontVella8 won by resignation"]

1. e4 c5 2. Nf3 a6 3. c3 d5 4.
exd5 Qxd5 5. d4 e6 6. Be2 Nf6 7. O-O Be7 8. Be3 Nbd7 9. c4 Qd6 10. Nc3 cxd4 11. Nxd4 O-O 12. Qc2 b6 13. Bf3 Ra7 14. Nc6 Rc7 15. Rad1 Qxc6 16. Bxc6 Rxc6 17. b3 Bb7 18.
Rd2 b5 19. Rfd1 Ne5 20. cxb5 axb5 21. Qb2 Nfg4 22. h3 Nxe3 23. fxe3 Bf6 24. Rd4 Ng6 25. Nxb5 Bxd4 26. Qxd4 Rc2 27. Rd2 e5 28. Qd6 Rxd2 29.
Qxd2 Nh4 30. e4 Bxe4 31. Qe1 Bc6 32. Na7 Nxg2 33. Qxe5 Ba8 34. b4 Nh4 35. Qc7 h6 36. b5 Re8 37. Nc6 Re2 38. Qd8+ Kh7 39. Qd3+ 1-0